Unix NetHack Version 5.0.0-0 post-release - last build Jun 10 2026 00:39:30 (3ee93aec679c4c4259841fe613dc97188e26a321,branch:main).

Game began 2026-06-20 23:02:33, ended 2026-06-21 03:57:09.

JohnDarcy, neutral male human Tourist

                                                             ------
                                                            #-.<d.|
                                      ----------            #|....|
                                      |........|            #|..^.|
                                     f$..".....|            #|....|
                                     @|$.......|            #|....|
                                     h--|-------            #------
                                        #                   ###
                                        ##                    #
                                         ###                  #
                                           ###                ##
                                          ---.-                #
                                          |...|                #
                                          |._.|         -----.-#
                                          |...|         |.....|#
                                          |....#########......-#
                                          |...|         |.....|
                                          -----         |.....|
                                                        -------

JohnDarcy the Sightseer     St:9 Dx:11 Co:16 In:16 Wi:11 Ch:14  Neutral
Dlvl:4  $:995 HP:0(42) Pw:18(18) AC:4  Xp:5 T:4339  Stressed

Latest messages:
 The large cat picks up a gold piece.
 The large cat bites the little dog.
 The little dog is killed!
 Lurch eats a little dog corpse.
 You don't have enough stamina to move.
 The large cat drops a gold piece.
 What do you want to drop? [$a-cfh-jlmoqrtwELSTV or ?*] V
 You drop an uncursed spherical amulet.
 You hear someone counting gold coins.
 You have trouble lifting V - an uncursed spherical amulet.
 What do you want to put on? [qV or ?*] V
 V - an uncursed amulet of strangulation (being worn).
 It constricts your throat!
 You find it hard to breathe.
 You were wearing an uncursed amulet of strangulation.
 You can breathe more easily!
 Lurch picks up a gold piece.
 Lurch drops a gold piece.
 What do you want to drop? [$a-cfh-jlmoqrtwELSTV or ?*] V
 You drop an uncursed amulet of strangulation.
 Lurch picks up a gold piece.
 You swap places with Lurch.
 You see here 3 gold pieces.
 Lurch drops a gold piece.
 You see here a gold piece.
 You have trouble lifting $ - a gold piece (995 in total).
 You swap places with Lurch.
 The large cat picks up a gold piece.
 You swap places with Lurch.
 The large cat drops a gold piece.
 The large cat bites it.
 The large cat is splashed by its acid!
 Lurch picks up a gold piece.
 You see here a gold piece.
 You are hit by a dagger.
 You don't have enough stamina to move.
 Lurch drops a gold piece.
 What do you want to use or apply? [cmr or ?*] c
 In what direction? 2
 The dwarf is blinded by the flash!
 The dwarf turns to flee.
 The dwarf hits!
 You don't have enough stamina to move.
 The dwarf hits!
 You die...
 Do you want your possessions identified? [ynq] (y) y
 Do you want to see your attributes? [ynq] (y) y
 Do you want an account of creatures vanquished? [ynaq] (y) y
 Do you want to see your conduct and achievements? [ynq] (y) y
 Do you want to see the dungeon overview? [ynq] (y) y

Inventory:
 Coins    ('$')
  $ - 995 gold pieces
 Weapons  (')')
  a - 21 +0 darts (at the ready)
  S - 2 +0 daggers
 Armor    ('[')
  T - an uncursed +0 orcish helm (being worn)
  l - an uncursed +0 pair of high boots (being worn)
  f - an uncursed +0 orcish cloak (being worn)
  j - an uncursed +0 Hawaiian shirt with a toucan motif (being worn)
  o - an uncursed +0 studded leather armor (being worn)
 Comestibles  ('%')
  b - an uncursed tripe ration
  t - 4 uncursed lichen corpses
 Scrolls  ('?')
  i - 3 uncursed scrolls of blank paper
 Potions  ('!')
  L - an uncursed potion of booze
  E - 5 uncursed potions of fruit juice
  w - 2 uncursed potions of oil
  h - 29 uncursed potions of water
 Rings    ('=')
  q - an uncursed ring of teleportation
 Wands    ('/')
  r - a wand of cancellation (0:1)
 Tools    ('(')
  c - an expensive camera (0:12)
  m - an uncursed skeleton key

JohnDarcy the Tourist's attributes:

Background:
 You were a Sightseer, a level 5 male human Tourist.
 You were neutral, on a mission for The Lady
 who was opposed by Blind Io (lawful) and Offler (chaotic).
 You were right-handed.
 You were in the Dungeons of Doom, on level 4.
 You entered the dungeon 4339 turns ago.
 It was nighttime.
 You had 270 experience points, 50 more were needed to attain level 6.

Basics:
 You had 0 out of 42 hit points.
 You had all 18 energy points (spell power).
 Your armor class was 4.
 Your wallet contained 995 zorkmids.
 Autopickup was off.

Final Characteristics:
 Your strength was 9 (limit:18/100).
 Your dexterity was 11 (limit:18).
 Your constitution was 16 (limit:18).
 Your intelligence was 16 (limit:18).
 Your wisdom was 11 (limit:18).
 Your charisma was 14 (limit:18).

Final Status:
 You weren't hungry.
 You were stressed; movement was moderately slowed.
 You were bare handed.
 You were unskilled in bare handed combat.

Final Attributes:
 You were piously aligned.
 You were telepathic.
 You were warded.
 You are dead.

Miscellaneous:
 You didn't encounter any bones levels.
 Total elapsed playing time was 55 minutes and 38 seconds.

Major events:
 Turn
    1: JohnDarcy the neutral male human Tourist entered the dungeon
 1217: attained the rank of Sightseer (level 3)
 3018: entered the Gnomish Mines
 4339: killed by a dwarf

You didn't know any spells.

Skills:
 Fighting Skills
   bare handed combat [Unskilled]
   two weapon combat  [Unskilled]
   riding             [Unskilled]
 Weapon Skills
   dagger             [Unskilled]
   knife              [Unskilled]
   axe                [Unskilled]
   pick-axe           [Unskilled]
   short sword        [Unskilled]
   broadsword         [Unskilled]
   long sword         [Unskilled]
   two-handed sword   [Unskilled]
   saber              [Unskilled]
   mace               [Unskilled]
   morning star       [Unskilled]
   flail              [Unskilled]
   hammer             [Unskilled]
   quarterstaff       [Unskilled]
   polearms           [Unskilled]
   spear              [Unskilled]
   trident            [Unskilled]
   lance              [Unskilled]
   bow                [Unskilled]
   sling              [Unskilled]
   crossbow           [Unskilled]
   dart               [Basic]
   shuriken           [Unskilled]
   boomerang          [Unskilled]
   whip               [Unskilled]
   unicorn horn       [Unskilled]
 Spellcasting Skills
   divination spells  [Unskilled]
   enchantment spells [Unskilled]
   escape spells      [Unskilled]

Voluntary challenges:
 Character rerolling was not enabled.
 You never genocided any monsters.
 You never polymorphed an object.
 You never changed form.
 You used no wishes.
Achievements:
 You entered a shop.
 You attained the rank of Sightseer.
 You entered the Gnomish Mines.

 The Dungeons of Doom: levels 1 to 4
    Level 1:
       Some fountains.
    Level 2:
       A potion shop, a fountain.
    Level 3:
       An armor shop, a fountain.
       Stairs down to The Gnomish Mines.
    Level 4: <- You were here.
       An altar.
       Final resting place for
          you, killed by a dwarf.
 The Gnomish Mines:
    Level 4:


Vanquished creatures:
  2 large mimics
  2 small mimics
  a rock piercer
  a rock mole
  a pony
  2 fog clouds
  a gnome leader
  a kobold mummy
  a little dog
  3 floating eyes
  2 homunculi
  a rothe
  a giant bat
  a wererat
  4 iguanas
 an acid blob
  a gas spore
  a hobbit
  a large kobold
  2 hobgoblins
  a giant rat
  2 cave spiders
  2 green molds
  a red mold
  4 gnomes
  4 geckos
  4 jackals
  4 foxes
  2 kobolds
  3 goblins
 11 grid bugs
  8 lichens
  2 kobold zombies
  4 newts
82 creatures vanquished.

No species were genocided or became extinct.

Game over:
                       ----------
                      /          \
                     /    REST    \
                    /      IN      \
                   /     PEACE      \
                  /                  \
                  |    JohnDarcy     |
                  |      995 Au      |
                  |   killed by a    |
                  |      dwarf       |
                  |                  |
                  |                  |
                  |       2026       |
                 *|     *  *  *      | *
        _________)/\\_//(\/(/\)/\//\/|_)_______

Aloha JohnDarcy the Tourist...

You died in The Dungeons of Doom on dungeon level 4 with 1895 points,
and 995 pieces of gold, after 4339 moves.
You were level 5 with a maximum of 42 hit points when you died.

